 Dungeon Crawl Stone Soup version 0.30-a0-1016-gfb0d676c02 (webtiles) character file.

Game seed: 10577469949770334693

6811853 holysushi the Messiah (level 27, 209/209 (273) HPs)
             Began as a Hill Orc Monk on Apr 4, 2023.
             Was the Champion of Beogh.
             Escaped with the Orb
             ... and 10 runes on Apr 7, 2023!
             The game lasted 06:07:45 (110801 turns).

holysushi the Messiah (Hill Orc Monk)             Turns: 110801, Time: 06:07:45

HP:   209/209 (273) AC: 15    Str: 16 (17) XL:     27
MP:   40/40         EV: 55    Int:  4 (10) God:    Beogh [******]
Gold: 7206          SH: 46    Dex: 41 (43) Spells: 18/29 levels left

rFire   + . .      SeeInvis .    b - +11 Singing Sword {sonic wave}
rCold   + . .      Faith    +    Q - +10 tower shield of Ignorance {rN+ Int-4}
rNeg    + . .      Spirit   .    Y - +2 robe "Forget-Me-Not" {Int-3 Dex+6}
rPois   .          Reflect  .    E - +2 hat {Will+}
rElec   +          Rampage  .    l - +2 cloak
rCorr   .                        p - +2 pair of gloves {Dex+3}
Will    +++..                    m - +2 pair of boots "Rethes" {rC+ Int+3}
Stlth   +++                      j - amulet of Harmony {Faith Fly rElec Stlth+}
HPRegen 0.54/turn                w - +6 ring of dexterity
MPRegen 0.27/turn                S - +6 ring of dexterity

@: flying, studying Armour, heavily drained
A: walk on water, large bone plates 1, clever 1, fire resistance 1
0: Orb of Zot
}: 10/15 runes: decaying, serpentine, slimy, silver, abyssal, demonic, glowing,
magical, fiery, dark
a: Renounce Religion, Smiting, Recall Orcish Followers, Give Item to Named
Follower, Resurrection


You escaped.
You worshipped Beogh.
Beogh was exalted by your worship.
You visited 14 branches of the dungeon, and saw 61 of its levels.
You visited Pandemonium 2 times, and saw 18 of its levels.
You visited the Abyss 3 times.
You also visited: Trove, Sewer, Ice Cave and Wizlab.

You collected 10630 gold pieces.
You spent 3424 gold pieces at shops.

Inventory:

Hand Weapons
 a - the +10 trident of the Ship {heavy, Will++ Str+2 Int+4 Dex-2}
   (You found it on level 1 of the Lair of Beasts)

   Str:       It affects your strength (+2).
   Int:       It affects your intelligence (+4).
   Dex:       It affects your dexterity (-2).
   Will:      It greatly increases your willpower.
 b - the +11 Singing Sword (weapon) {sonic wave}
   (You found it on level 3 of the Crypt)
 u - the +13 scythe of Curses {drain, curses, Drain}
   (You found it on level 3 of the Crypt)

   Drain:     It drains your maximum health when unequipped.
 L - a +3 bardiche of protection
 T - a +0 triple crossbow of freezing
Armour
 l - a +2 cloak (worn)
 m - the +2 pair of boots "Rethes" (worn) {rC+ Int+3}
   (You bought it in a shop on level 1 of the Snake Pit)

   Int:       It affects your intelligence (+3).
   rC:        It protects you from cold.
 p - a +2 pair of gloves of dexterity (worn)
 E - a +2 hat of willpower (worn)
 H - a +1 tower shield of positive energy
 Q - the +10 tower shield of Ignorance (worn) {rN+ Int-4}
   (You found it in a wizard's laboratory)

   Int:       It affects your intelligence (-4).
   rN:        It protects you from negative energy.
 Y - the +2 robe "Forget-Me-Not" (worn) {Int-3 Dex+6}
   (You found it on level 4 of the Depths)

   Int:       It affects your intelligence (-3).
   Dex:       It affects your dexterity (+6).
Jewellery
 j - the amulet of Harmony (around neck) {Faith Fly rElec Stlth+}
   (You found it on level 5 of the Pits of Slime)

   [amulet of faith]

   It allows you to gain divine favour quickly.
   rElec:     It insulates you from electricity.
   Fly:       It grants you flight.
   Stlth:     It makes you more stealthy.
 w - a +6 ring of dexterity (left hand)
 I - the ring of Tomorrow {Fly rF+ Int+7 Stlth-}
   (You found it in a treasure trove)

   [ring of flight]

   Int:       It affects your intelligence (+7).
   rF:        It protects you from fire.
   Fly:       It grants you flight.
   Stlth:     It makes you less stealthy.
 J - the amulet of the Four Winds {rN+ Will+++ Clar}
   (You took it off a deep elf high priest on level 5 of the Vaults)

   [amulet of nothing]

   rN:        It protects you from negative energy.
   Clar:      It protects you against confusion.
   Will:      It greatly increases your willpower.
 M - the ring of Rualof {rElec rN++ rCorr MP+9 Str+6}
   (You took it off a deep elf sorcerer on level 3 of the Elven Halls)

   [ring of strength]

   Str:       It affects your strength (+6).
   rElec:     It insulates you from electricity.
   rN:        It greatly protects you from negative energy.
   MP:        It affects your magic capacity (+9).
   rCorr:     It protects you from acid and corrosion.
 S - a +6 ring of dexterity (right hand)
 U - the amulet of Xom's Fair Game {Reflect rF++ Regen+ Dex-2 SH+5}
   (You took it off an efreet in Pandemonium)

   [amulet of reflection]

   It reflects blocked missile attacks.
   Dex:       It affects your dexterity (-2).
   rF:        It greatly protects you from fire.
   Regen:     It increases your rate of health regeneration.
   SH:        It affects your SH (+5).
 Z - the ring "Eceuzif" {Slay+4 SInv}
   (You found it in a treasure trove)

   [ring of see invisible]

   Slay:      It affects your accuracy & damage with ranged weapons and melee
   (+4).
   SInv:      It lets you see invisible.
Wands
 v - a wand of light (10)
 B - a wand of digging (6)
 P - a wand of iceblast (43)
Scrolls
 e - 2 scrolls of silence
 f - 11 scrolls of fog
 k - 6 scrolls of magic mapping
 q - 18 scrolls of teleportation
 y - a scroll of butterflies
 z - 10 scrolls of vulnerability
 F - 14 scrolls of immolation
 G - 12 scrolls of fear
 N - 12 scrolls of poison
 V - 3 scrolls of blinking
Potions
 c - 9 potions of ambrosia
 d - 11 potions of cancellation
 g - 27 potions of curing
 h - 10 potions of magic
 o - 10 potions of attraction
 s - 4 potions of haste
 t - 12 potions of brilliance
 x - a potion of berserk rage
 A - 9 potions of heal wounds
 C - 7 potions of mutation
 D - 2 potions of resistance
 K - 6 potions of invisibility
 W - 13 potions of flight
 X - 10 potions of might
Miscellaneous
 i - a box of beasts
 n - a condenser vane
 O - the horn of Geryon
 R - a phantom mirror


   Skills:
 O Level 27 Fighting
 - Level 16.0 Long Blades
 - Level 14.0 Polearms
 O Level 27 Dodging
 - Level 10.0 Stealth
 + Level 26.8 Shields
 + Level 1.8 Spellcasting
 + Level 2.5 Necromancy
 O Level 27 Invocations
 - Level 10.0 Evocations


You had 18 spell levels left.
You knew the following spells:

 Your Spells              Type           Power      Damage    Failure   Level
a - Apportation           Tloc           0%         N/A       43%         1
b - Animate Dead          Necr           2%         N/A       86%         4
c - Death Channel         Necr           1%         N/A       100%        6

Your spell library contained the following spells:

 Spells                   Type           Power      Damage    Failure   Level
 Necrotise                Necr           8%         1d4       17%         1
 Sublimation of Blood     Necr           2%         N/A       26%         2
 Kiss of Death            Conj/Necr      4%         2d5       28%         1
 Beastly Appendage        Tmut           0%         N/A       43%         1
 Foxfire                  Conj/Fire      0%         2x1d4     43%         1
 Freeze                   Ice            0%         1d3       43%         1
 Magic Dart               Conj           0%         1d3       43%         1
 Shock                    Conj/Air       0%         1d3       43%         1
 Sting                    Tmut/Pois      0%         1d3       43%         1
 Summon Small Mammal      Summ           0%         N/A       43%         1
 Cigotuvi's Dreadful Rot  Necr/Pois/Air  2%         N/A       45%         2
 Vampiric Draining        Necr           2%         2d6       45%         3
 Blink                    Tloc           0%         N/A       58%         2
 Ensorcelled Hibernation  Hex/Ice        0%         N/A       58%         2
 Lesser Beckoning         Tloc           0%         N/A       58%         2
 Momentum Strike          Conj/Tloc      0%         3d8       58%         2
 Poisonous Vapours        Pois/Air       0%         N/A       58%         2
 Searing Ray              Conj           0%         2d4       58%         2
 Static Discharge         Conj/Air       0%         2-2/arc   58%         2
 Wereblood                Tmut           0%         N/A       58%         2
 Call Canine Familiar     Summ           0%         N/A       82%         3
 Confusing Touch          Hex            0%         N/A       82%         3
 Frozen Ramparts          Ice            0%         1d1       82%         3
 Gell's Gravitas          Tloc           0%         N/A       82%         3
 Hailstorm                Conj/Ice       0%         3d3       82%         3
 Ignite Poison            Fire/Tmut/Pois 0%         N/A       82%         3
 Inner Flame              Hex/Fire       0%         N/A       82%         3
 Mephitic Cloud           Conj/Pois/Air  0%         N/A       82%         3
 Portal Projectile        Hex/Tloc       0%         N/A       82%         3
 Spider Form              Tmut/Pois      0%         N/A       82%         3
 Summon Guardian Golem    Hex/Summ       0%         N/A       82%         3
 Teleport Other           Tloc           0%         N/A       82%         3
 Vhi's Electric Charge    Tloc/Air       0%         N/A       82%         3
 Volatile Blastmotes      Fire/Tloc      0%         2d10      82%         3
 Dispel Undead            Necr           2%         3d7       86%         4
 Anguish                  Hex/Necr       0%         N/A       96%         4
 Flame Wave               Conj/Fire      0%         2d4       99%         4
 Fulminant Prism          Conj/Hex       0%         3d5       99%         4
 Ice Form                 Ice/Tmut       0%         N/A       99%         4
 Manifold Assault         Tloc           0%         N/A       99%         4
 Olgreb's Toxic Radiance  Pois           0%         N/A       99%         4
 Passage of Golubria      Tloc           0%         N/A       99%         4
 Petrify                  Tmut/Erth      0%         N/A       99%         4
 Sticky Flame             Conj/Fire      0%         2d3       99%         4
 Summon Ice Beast         Ice/Summ       0%         N/A       99%         4
 Agony                    Necr           2%         N/A       99%         5
 Arcjolt                  Conj/Air       0%         1d10      100%        5
 Blade Hands              Tmut           0%         N/A       100%        5
 Borgnjor's Vile Clutch   Necr/Erth      0%         N/A       100%        5
 Fireball                 Conj/Fire      0%         3d3       100%        5
 Freezing Cloud           Conj/Ice/Air   0%         6-21      100%        5
 Irradiate                Conj/Tmut      0%         3d11      100%        5
 Iskenderun's Battlesphe  Conj           0%         2d6       100%        5
 Silence                  Hex/Air        0%         N/A       100%        5
 Yara's Violent Unravell  Hex/Tmut       0%         3d3       100%        5
 Dispersal                Tloc           0%         N/A       100%        6
 Iron Shot                Conj/Erth      0%         9d1       100%        6
 Plasma Beam              Fire/Air       0%         2x1d11    100%        6
 Simulacrum               Ice/Necr       0%         N/A       100%        6
 Statue Form              Tmut/Erth      0%         N/A       100%        6
 Dragon Form              Tmut           0%         N/A       100%        7
 Enfeeble                 Hex            0%         N/A       100%        7
 Malign Gateway           Summ/Tloc      0%         N/A       100%        7
 Ozocubu's Refrigeration  Ice            0%         4d7       100%        7
 Spellforged Servitor     Conj/Summ      0%         N/A       100%        7
 Summon Hydra             Summ           0%         N/A       100%        7
 Borgnjor's Revivificati  Necr           1%         N/A       100%        8
 Disjunction              Tloc           0%         N/A       100%        8
 Ignition                 Fire           0%         3d3       100%        8
 Lehudib's Crystal Spear  Conj/Erth      0%         10d2      100%        8
 Maxwell's Capacitive Co  Air            0%         ∞         100%        8
 Necromutation            Tmut/Necr      0%         N/A       100%        8
 Summon Horrible Things   Summ           0%         N/A       100%        8
 Chain Lightning          Conj/Air       0%         N/A       100%        9
 Death's Door             Necr           1%         N/A       100%        9
 Fire Storm               Conj/Fire      0%         5d1       100%        9
 Polar Vortex             Ice            0%         N/A       100%        9
 Shatter                  Erth           0%         3d5*      100%        9


Dungeon Overview and Level Annotations

Branches:
Dungeon (15/15)            Temple (1/1) D:4            Lair (5/5) D:8
  Swamp (4/4) Lair:2        Snake (4/4) Lair:2        Slime (5/5) Lair:4
    Orc (2/2) D:11            Elf (3/3) Orc:2        Vaults (5/5) D:14
  Crypt (3/3) Vaults:3       Tomb (0/3) Crypt:3      Depths (4/4) D:15
   Hell (visited)             Dis (4/7) Hell            Geh (0/7) Hell
    Coc (0/7) Hell            Tar (0/7) Hell            Zot (5/5) Depths:4
  Sewer (visited)           IceCv (visited)          WizLab (visited)

Altars:
Ashenzari
Cheibriados
Dithmenos
Elyvilon
Fedhas
Gozag
Hepliaklqana
Kikubaaqudgha
Makhleb
Nemelex Xobeh
Okawaru
Qazlal
Ru
Sif Muna
Trog
Uskayaw
Vehumet
Wu Jian
Xom
Yredelemnul
Zin
The Shining One
Beogh
Jiyva
Lugonu

Shops:
D:9 ((?   D:14 (   Orc:2 !((   Elf:1 *   Snake:1 *   Snake:3 :*[==   Vaults:1 [
Vaults:3 (   Vaults:4 (   Depths:4 ?=[

Portals:
Hell: Depths:1 Depths:2 Depths:3 Depths:4
Abyss: Lair:5 Depths:3
Pandemonium: Depths:1 Depths:2 Depths:3
Ziggurat: Depths:1

Annotations:
D:9 exclusion: obsidian statue
D:13 exclusion: 2 downstairs
Lair:2 exclusion: 4 oklob plants
Lair:5 2 transporters, pigah's ghost, journeyman OpWn
Elf:2 1 runed translucent door, agentgt's ghost, adept HuVM
Depths:3 4 transporters


Innate Abilities, Weirdness & Mutations

You can walk on water.
You are partially covered in large bone plates. (SH +4)
Your mind is acute. (Int +4, Str/Dex -1)
Your flesh is heat resistant. (rF+)


Message History

There is an open door here.
A neqoxec comes into view.
You can't go up here!
There is a stone staircase leading up here.
You fly upwards.
There is a stone staircase leading down here.
There is a staircase leading out of the dungeon here.
Unknown command.
You begin recalling your allies.
Oruk is recalled.
Ugrim is recalled.
Bladwarg is recalled.
Boderik is recalled.
Ugrim is recalled.
Arkwar is recalled.
Syrus is recalled.
Your orc priest is recalled.
Your orc knight is recalled.
Rocco is recalled.
Berold is recalled.
Your orc knight is recalled.
Your orc warrior is recalled.
Your orc is recalled.
Orbeogh is recalled.
Your orc warrior is recalled.
Grimold is recalled.
Your orc is recalled.
Margrim is recalled.
Your orc is recalled.
Your orc warrior is recalled.
Ugrim says, "holysushi, you are my only friend."
Your orc is recalled.
Your orc priest is recalled.
Your orc is recalled.
Syrus roars a battlecry!
Your orcs go into a battle-frenzy!
Boderik says, "I like you, cousin!"
Your orc is recalled. x2
Syrus roars a battlecry!
Your orcs go into a battle-frenzy!
Your orc is recalled.
You finish recalling your allies.
Something hits your orc warrior!!
Something closely misses your orc warrior.
Something barely misses your orc warrior.
Your orc throws a boomerang of dispersal.
Your orc warrior says, "I'll never leave you."
Your orc warrior closely misses something.
Your orc knight roars a battlecry!
Your orcs go into a battle-frenzy!
Something hits your orc warrior!
Your orc warrior dies!
You have escaped!

#.......#######.......###...#
.....###.......###......###.#
..###.............###....##.#
.#......#######......#...##.#
#.....### ###..o..#...#.#
#....## ##)oo.#...#.# #....##
##ooo.#...#.# #.....###
###oooo.#...#.#
.#......#######o@ooo.#...##.#
..###........ooooo###....#..#
.....###.....oo###oo....##.##
#.......#######...oo..####.#
#####.............##### #.#
...########.####### #.#
##....#####.### ##.#
#.............# ##..#
#...(.........# #..##


You could see the friendly Arkwar the orc warlord (strong), the friendly
Bladwarg the orc warlord (strong), the friendly Boderik the orc warlord
(strong), the friendly Oruk the orc warlord (strong), the friendly Rocco the orc
warlord (strong), the friendly Syrus the orc warlord (strong), 2 friendly orc
warlords, 2 friendly orc knights, the friendly Grimold the orc knight, the
friendly Berold the orc sorcerer, 2 friendly orc warriors, the friendly Orbeogh
the orc warrior (strong), 2 friendly orc priests, the friendly Margrim the orc
priest (strong) and 7 friendly orcs.

Vanquished Creatures
  Gloorx Vloq (Pan)
  Mnoleg (Pan)
  8 dread liches
  2 ancient liches
  11 orbs of fire
  2 pandemonium lords (Pan)
  2 juggernauts
  Sojobo (Crypt:3)
  3 Killer Klowns (Zot:5)
  Margery (Vaults:5)
  6 curse toes
  Vashnia (Snake:3)
  8 caustic shrikes
  Geryon (Hell)
  10 golden dragons
  2 Tzitzimimeh
  5 electric golems
  2 Brimstone Fiends (Pan)
  4 Ice Fiends (Pan)
  Rupert (D:14)
  16 tentacled monstrosities
  Zenata (Elf:3)
  A walking earthen tome (Depths:3)
  5 Hell Sentinels
  24 Orb Guardians
  10 liches
  A walking crystal tome (Depths:3)
  9 acid blobs
  2 deep elf blademasters (Elf:3)
  10 quicksilver dragons
  4 titans
  A walking frostbound tome (Depths:3)
  14 ancient champions
  Frances (D:14)
  19 Executioners (Pan)
  2 deep elf master archers (Elf:3)
  7 sphinxes
  An eldritch tentacle (Pan)
  3 death cobs
  4 tentacled starspawn (Abyss:3)
  5 tengu reavers
  3 draconian knights
  10 shadow dragons
  A daeva (Abyss:3)
  12 storm dragons
  7 draconian monks
  7 fire giants
  2 rockslimes
  4 quicksilver elementals
  9 frost giants
  13 vault wardens
  4 azure jellies
  3 iron dragons
  4 demonspawn warmongers (Pan)
  22 balrugs
  5 draconian scorchers
  5 ghost moths
  Louise (Elf:1)
  7 deep elf sorcerers
  4 deep elf elementalists
  An angel (Pan)
  2 curse skulls (Pan)
  9 ironbound preservers
  7 draconian shifters
  Aizul (Snake:1)
  3 cacodemons (Pan)
  5 ghouls
  5 draconian stormcallers
  2 spriggan defenders (Depths:2)
  A caustic shrike skeleton (Pan)
  10 war gargoyles
  22 very ugly things
  7 draconian annihilators
  7 ironbound thunderhulks
  8 reapers
  6 stone giants
  A juggernaut skeleton (Pan)
  A demonspawn corrupter (Pan)
  5 vampire knights
  13 purple draconians
  5 green draconians
  10 deep elf demonologists
  9 yellow draconians
  A putrid mouth (Hell)
  6 demonspawn black suns (Pan)
  Azrael (D:14)
  6 white draconians
  8 black draconians
  Nessos (Lair:4)
  2 eleionomae
  6 deep elf annihilators
  16 red draconians
  9 lorocyprocas
  2 bunyips (Swamp:3)
  5 spark wasps
  An eidolon (Crypt:1)
  2 iron golems (Hell)
  14 blizzard demons
  2 crystal guardians (WizLab)
  Snorg (Lair:3)
  15 ettins
  7 deep elf death magi
  8 fire dragons
  16 green deaths
  5 deep elf high priests
  A merfolk javelineer (Depths:1)
  7 great orbs of eyes
  3 entropy weavers
  6 jiangshi
  7 yaktaur captains
  A spriggan zombie (Hell)
  8 ice dragons
  27 vault guards
  18 hydras
  A juggernaut simulacrum (Pan)
  4 rakshasas
  5 salamander tyrants
  3 ghost crabs
  The ghost of Rudyous the Thaumaturge, a journeyman GrEE of Vehumet (Lair:1)
  A fenstrider witch zombie (Crypt:1)
  5 peacekeepers (WizLab)
  8 boulder beetles
  5 anacondas
  6 hell beasts
  4 ironbound frosthearts
  2 spriggan skeletons (Pan)
  A fenstrider witch skeleton (Crypt:3)
  7 centaur warriors
  3 death knights
  4 two-headed ogres
  5 hell hogs
  18 dancing weapons
  14 deep troll earth magi
  6 death yaks (Lair:5)
  3 tengu warriors
  6 alligators
  6 spriggan berserkers
  14 naga sharpshooters
  11 vampire magi
  3 hell knights
  9 deep troll shamans
  A titan zombie (Crypt:1)
  9 shock serpents
  3 thrashing horrors
  38 soul eaters
  A wretched star (Abyss:3)
  11 sixfirhies
  16 deep elf knights
  2 crystal echidnas (Dis:3)
  A storm dragon zombie (Hell)
  A skyshark (Lair:3)
  63 sun demons
  9 shadow wraiths
  31 deep trolls
  13 iron trolls
  3 salamander mystics
  A spatial maelstrom (Abyss:1)
  42 skeletal warriors
  A spark wasp zombie (Depths:1)
  4 goliath frogs
  A sea snake (Snake:2)
  4 flayed ghosts
  An anaconda zombie (Hell)
  8 spriggan druids
  A cherub (Pan)
  7 swamp dragons
  2 bunyip zombies
  An orb spider (Abyss:3)
  3 shadow demons
  7 glowing orange brains
  7 bog bodies
  An orange crystal statue (Depths:1)
  A swamp dragon (shapeshifter) (Depths:4)
  2 anaconda skeletons
  13 wizards
  10 phantasmal warriors
  11 deep elf archers
  9 mana vipers
  3 naga ritualists
  15 ironbound convokers
  2 tengu zombies
  13 necromancers
  16 lindwurms
  A goliath frog zombie (Crypt:2)
  27 deep elf zephyrmancers
  2 harpies (Vaults:1)
  An orc sorcerer (Orc:1)
  An iron dragon zombie (Crypt:3)
  45 ugly things
  8 salamanders
  25 deep elf pyromancers
  A shining eye (Pan)
  4 orc knights
  An oklob plant (Swamp:2)
  A cyclops (D:15)
  4 will-o-the-wisps
  A cyclops (shapeshifter) (Vaults:5)
  A rust devil (Pan)
  2 fire giant zombies (Depths:1)
  15 moths of wrath
  10 elephants
  2 manticores
  An eleionoma skeleton (Crypt:3)
  5 naga magi
  21 black mambas
  7 ice statues
  53 smoke demons
  An eye of devastation (shapeshifter) (Vaults:5)
  A water nymph (shapeshifter) (Vaults:5)
  A guardian serpent (shapeshifter) (Elf:1)
  2 centaur zombies (D:15)
  9 vault sentinels
  9 molten gargoyles
  A dire elephant skeleton (Hell)
  A torpor snail (Lair:5)
  4 demonic crawlers (Pan)
  2 centaur skeletons
  6 gargoyles (WizLab)
  5 guardian serpents
  A cane toad (shapeshifter) (Elf:2)
  An eye of devastation (Slime:2)
  11 orange demons (Pan)
  7 cane toads
  2 unseen horrors (Pan)
  Psyche (D:9)
  11 hellions
  3 komodo dragons
  16 yaktaurs
  A rime drake (shapeshifter) (D:14)
  8 rime drakes
  8 efreet
  An alligator snapping turtle skeleton (Crypt:2)
  A white draconian zombie (Crypt:2)
  5 tengu conjurers
  9 tormentors
  An anaconda simulacrum (Hell)
  A redback zombie (Crypt:3)
  9 ice devils
  7 freezing wraiths
  3 meliai (D:15)
  2 hydra zombies (Hell)
  2 trolls
  A guardian mummy (Crypt:3)
  7 polar bears
  3 red devils (Pan)
  2 harpy zombies
  10 hellwings
  9 raiju (Abyss:3)
  A harpy skeleton (Pan)
  10 hornets
  8 blink frogs
  5 tyrant leeches
  A radroach zombie (Crypt:2)
  A meliai zombie (Crypt:2)
  29 slime creatures
  2 air elementals
  13 flying skulls
  9 wyverns
  2 centaur simulacra
  A fire dragon skeleton (Pan)
  A guardian serpent skeleton (Crypt:1)
  13 spriggans
  3 ettin skeletons
  11 water elementals
  2 alligator skeletons
  43 yaks
  A culicivora (Vaults:1)
  A spriggan (shapeshifter) (D:15)
  Sigmund (D:2)
  7 basilisks
  An ice dragon skeleton (Pan)
  3 fire elementals
  22 ynoxinuls
  An alligator snapping turtle simulacrum (Crypt:1)
  A human (shapeshifter) (Depths:4)
  2 fire bats (Abyss:3)
  6 wraiths
  A hog (shapeshifter) (D:14)
  A steam dragon (Lair:2)
  3 redbacks
  A basilisk (shapeshifter) (Depths:1)
  3 golden eyes (Slime:5)
  11 vampire mosquitoes
  2 spatial vortices (Abyss:1)
  4 chaos spawn
  Menkaure (D:6)
  A glowing shapeshifter zombie (Depths:1)
  6 neqoxecs (Pan)
  A skyshark zombie (Crypt:1)
  23 large abominations
  12 swamp worms
  A warg (Elf:1)
  14 nagas
  An acid dragon (D:8)
  6 water moccasins
  3 floating eyes
  8 hell hounds
  2 naga skeletons (Pan)
  Duvessa (D:6)
  Pargi (D:4)
  10 swamp drakes
  A glowing shapeshifter skeleton (Crypt:2)
  3 human zombies
  10 orc warriors
  A hornet zombie (D:15)
  A sky beast (D:6)
  3 black bears
  4 ogres
  10 centaurs
  12 wolves
  A komodo dragon zombie (Crypt:1)
  A phantom (D:7)
  3 kobold brigands
  12 bullfrogs
  2 gnoll sergeants
  3 earth elementals
  6 small abominations
  A necrophage (Crypt:3)
  A wyvern zombie (Crypt:1)
  A yaktaur skeleton (Crypt:2)
  3 scorpions
  Dowan (D:6)
  8 wights
  A hornet simulacrum (Vaults:1)
  A polar bear zombie (Crypt:2)
  35 killer bees
  A human simulacrum (Vaults:1)
  2 howler monkeys
  2 electric eels (Lair:2)
  4 crimson imps (Pan)
  2 lava snakes (D:13)
  A bullfrog skeleton (Crypt:3)
  6 jellies
  7 orc priests
  2 quasits
  7 starcursed masses (Abyss:3)
  3 hounds
  3 iguanas (D:6)
  An iron imp (Abyss:3)
  A sleepcap (D:6)
  10 orc wizards
  A hell rat (Hell)
  2 lightning spires (WizLab)
  A boggart skeleton (D:15)
  12 mummies (Crypt:3)
  13 gnolls
  3 river rats (Sewer)
  4 adders
  2 shadow imps
  3 white imps
  3 worms
  A dart slug (D:1)
  28 orcs
  16 endoplasms
  13 giant cockroaches
  6 goblins
  3 hobgoblins
  3 quokkas
  7 ball pythons
  3 bats
  6 frilled lizards
  18 kobolds
  9 rats
  A lurking horror (Abyss:3)
  5 starspawn tentacles (Abyss:3)
2312 creatures vanquished.

Vanquished Creatures (collateral kills)
  the Royal Jelly (Slime:5)
  A dread lich (Vaults:4)
  Mennas (Vaults:5)
  Frederick (Vaults:4)
  Xtahua (Vaults:4)
  Jory (Vaults:3)
  6 tentacled monstrosities
  An Ice Fiend (Pan)
  A lich (Vaults:4)
  Mlioglotl (Swamp:2)
  An Orb Guardian (Zot:5)
  An eldritch tentacle (Pan)
  3 quicksilver dragons
  Asterion (Elf:2)
  An Executioner (Pan)
  A sphinx (Vaults:4)
  9 acid blobs
  Gastronok (Lair:2)
  2 storm dragons
  Donald (Elf:2)
  3 nagarajas (Snake:4)
  A tengu reaver (Vaults:1)
  4 azure jellies
  A demonspawn warmonger (Pan)
  6 vault wardens
  A fire giant (Vaults:1)
  5 rockslimes
  A frost giant (D:15)
  A fenstrider witch (Swamp:3)
  An iron dragon (Vaults:5)
  4 deep elf sorcerers
  The ghost of AwkwardBirdle the Slicer, an adept VSBr of Wu Jian (Snake:3)
  10 cacodemons (Pan)
  2 draconian shifters
  3 ironbound preservers
  A reaper (Pan)
  A caustic shrike zombie (Crypt:2)
  2 orc warlords
  A curse skull (Crypt:2)
  2 demonspawn corrupters (Pan)
  2 ironbound thunderhulks
  A broodmother (Pan)
  A ghoul (Crypt:2)
  7 very ugly things
  A stone giant (Depths:1)
  A caustic shrike skeleton (Depths:1)
  2 vampire knights
  3 demonspawn black suns (Pan)
  A green draconian (Zot:2)
  3 deep elf annihilators
  A deep elf demonologist (Vaults:5)
  A bunyip (Swamp:4)
  A spark wasp (Depths:3)
  A red draconian (Zot:4)
  A white draconian (Zot:3)
  An ettin (Depths:3)
  3 deep elf death magi (Elf:3)
  A green death (Pan)
  3 deep elf high priests
  5 jiangshi
  A fire dragon (Depths:2)
  A shambling mangrove (Swamp:4)
  2 yaktaur captains (Vaults:4)
  A quicksilver dragon skeleton (Depths:1)
  4 great orbs of eyes
  13 vault guards
  2 ice dragons (Depths:1)
  A rakshasa (D:15)
  A juggernaut simulacrum (Pan)
  4 hydras
  A ghost crab (Swamp:4)
  A catoblepas (Lair:5)
  An ironbound frostheart (Vaults:3)
  4 centaur warriors
  A death knight (Vaults:3)
  3 two-headed ogres
  A spriggan skeleton (Pan)
  5 anacondas
  A death yak (Lair:5)
  10 dancing weapons (Elf:2)
  A titan zombie (Depths:1)
  2 tengu warriors (D:15)
  A deep troll earth mage (D:15)
  A deep troll shaman (Depths:1)
  4 naga warriors
  2 shock serpents (Snake:2)
  9 naga sharpshooters
  11 soul eaters (Pan)
  A thrashing horror (Abyss:3)
  A hell knight (Vaults:4)
  2 spriggans
  10 sun demons (Pan)
  3 deep elf knights
  A skyshark (Lair:5)
  19 skeletal warriors
  A skyshark (shapeshifter) (Vaults:2)
  2 iron trolls
  2 sixfirhies (Pan)
  A goliath frog (Swamp:4)
  17 deep trolls
  2 salamander mystics
  A shadow demon (Pan)
  4 swamp dragons (Swamp:4)
  A glowing orange brain (D:15)
  A cherub (Pan)
  A bog body (Lair:2)
  2 flayed ghosts
  10 ironbound convokers
  A shadow dragon zombie (Crypt:2)
  2 wizards (Vaults:4)
  A deep elf archer (Elf:3)
  4 lindwurms
  2 harpies (Vaults:1)
  3 phantasmal warriors
  2 naga ritualists
  A fenstrider witch simulacrum (Crypt:1)
  3 necromancers
  15 deep elf pyromancers
  9 deep elf zephyrmancers
  2 manticores (Lair:2)
  19 ugly things
  A cyclops (D:13)
  4 orc knights
  5 mana vipers
  A salamander (Snake:1)
  An oklob plant (Lair:2)
  A stone giant zombie (Crypt:2)
  A sphinx skeleton (Depths:1)
  An iron dragon skeleton (Crypt:1)
  5 shining eyes
  A human skeleton (Vaults:1)
  A black mamba (shapeshifter) (D:14)
  A moth of wrath (Zot:3)
  7 vault sentinels
  6 smoke demons (Pan)
  A demonic crawler (Pan)
  A centaur zombie (Crypt:2)
  6 elephants
  16 black mambas
  A guardian serpent (Snake:4)
  A molten gargoyle (D:13)
  2 cane toads
  An eye of devastation (Pan)
  A rust devil (D:15)
  5 naga magi
  5 orange demons (Pan)
  10 yaktaurs
  A rime drake (Lair:2)
  3 freezing wraiths
  An elephant slug zombie (Crypt:1)
  An efreet (Pan)
  2 kobold demonologists
  An ice devil (Pan)
  A tormentor (Pan)
  3 komodo dragons
  A red devil (Pan)
  A tengu conjurer (D:15)
  2 harpy zombies
  A white draconian skeleton (Crypt:1)
  A queen bee (Lair:2)
  A troll (D:12)
  5 polar bears
  2 hornets
  9 blink frogs
  4 raiju (Abyss:3)
  40 slime creatures
  A spriggan (shapeshifter) (Elf:3)
  5 flying skulls (Zot:3)
  A shadow (D:11)
  6 ynoxinuls (Pan)
  4 water elementals
  13 large abominations
  2 basilisks
  16 yaks
  11 neqoxecs (Pan)
  3 wyverns
  3 fire elementals
  4 golden eyes
  2 redbacks
  A steam dragon (Lair:2)
  5 vampire mosquitoes
  17 nagas
  A warg (D:15)
  A two-headed ogre zombie (Crypt:1)
  An acid dragon (D:8)
  2 water moccasins (Lair:2)
  2 hell hounds (D:14)
  A deep troll skeleton (Crypt:2)
  A naga skeleton (Crypt:1)
  2 floating eyes (Pan)
  8 orc warriors
  A swamp drake (Swamp:4)
  2 ogres
  3 wolves
  A boggart (Vaults:3)
  4 centaurs
  A necrophage (Crypt:2)
  A salamander zombie (Crypt:2)
  2 bullfrogs
  A scorpion (shapeshifter) (D:13)
  2 wights (D:8)
  15 killer bees
  A howler monkey (D:12)
  3 lava snakes (D:13)
  An iron imp (Abyss:3)
  2 orc priests
  6 orc wizards
  A small abomination (Abyss:3)
  A howler monkey zombie (Crypt:1)
  A river rat (Lair:2)
  A shadow imp (Abyss:3)
  18 orcs
  A bat skeleton (Crypt:1)
  A fire vortex (Pan)
711 creatures vanquished.

Vanquished Creatures (others)
  A dread lich (Crypt:3)
  An ancient lich (Crypt:3)
  A juggernaut (Depths:4)
  The ghost of Tourr the Warrior, a veteran HuIE of Zin (Depths:1)
  A tentacled monstrosity (Zot:1)
  An Executioner (Pan)
  A titan (Depths:3)
  2 tengu reavers
  A demonspawn warmonger (Pan)
  10 orc warlords
  A frost giant (Depths:3)
  A draconian knight (Zot:4)
  A balrug (Pan)
  A war gargoyle (Vaults:2)
  A vault warden (Vaults:5)
  3 demonspawn blood saints (Pan)
  An ironbound preserver (Vaults:2)
  2 very ugly things (Depths:4)
  A reaper (Hell)
  A black draconian (Depths:4)
  4 deep elf annihilators
  A lorocyproca (Hell)
  4 spark wasps (Depths:4)
  A purple draconian (Depths:4)
  6 orc sorcerers
  2 deep elf death magi
  An ettin (Depths:3)
  5 blizzard demons (Pan)
  A green death (Pan)
  A fire dragon (Depths:4)
  2 ice dragons (Depths:2)
  4 deep troll earth magi
  3 orc high priests
  2 deep elf knights
  Nergalle (Snake:4)
  26 orc knights
  3 sun demons
  A sixfirhy (Pan)
  3 deep trolls
  2 iron trolls (Depths:3)
  A shadow demon (Pan)
  A glowing orange brain (Depths:1)
  A deep elf archer (Elf:2)
  3 lindwurms
  An ironbound convoker (Vaults:2)
  3 deep elf zephyrmancers
  3 necromancers
  A wizard (Pan)
  An ugly thing (Depths:4)
  A deep elf pyromancer (Elf:1)
  A shining eye (Pan)
  A moth of wrath (Zot:3)
  A black mamba (Snake:4)
  A water nymph (shapeshifter) (Vaults:2)
  A smoke demon (Pan)
  A gargoyle (WizLab)
  An orange demon (Pan)
  An ice devil (Pan)
  2 bloated husks
  3 flying skulls (Zot:3)
  A slime creature (Vaults:2)
  A shadow (Abyss:3)
  2 spriggans (Lair:1)
  2 water elementals (Depths:1)
  A fire elemental (D:14)
  2 chaos spawn (Pan)
  A warg (Orc:1)
  2 large abominations (Pan)
  2 vampire mosquitoes (Swamp:2)
  2 swamp worms (Swamp:4)
  A naga (Snake:3)
  A floating eye (Depths:2)
  A tengu skeleton (Depths:1)
  33 orc warriors
  2 killer bees (D:9)
  24 orc priests
  17 orc wizards
  3 hell rats (Hell)
  67 orcs
  A fire vortex (Pan)
  9 foxfires (Swamp:3)
  16 fungi
  A lurking horror (Abyss:3)
  27 plants
  9 starspawn tentacles (Abyss:3)
363 creatures vanquished.

Grand Total: 3386 creatures vanquished

Notes
Turn   | Place    | Note
-------+----------+-------------------------------------------
     0 | D:1      | holysushi the Hill Orc Monk began the quest for the Orb.
     0 | D:1      | Reached XP level 1. HP: 19/19 MP: 1/1
   590 | D:1      | Reached XP level 2. HP: 27/27 MP: 2/2
  1269 | D:2      | Reached XP level 3. HP: 33/33 MP: 3/3
  1563 | D:2      | Noticed Sigmund
  1828 | D:3      | Identified the +1 robe of Twilight {rN++ Will+}
  2288 | D:3      | Reached XP level 4. HP: 40/40 MP: 4/4
  2336 | D:3      | Found a basalt altar of Yredelemnul.
  2338 | D:3      | Found a bloodstained altar of Trog.
  2339 | D:3      | Found a snail-covered altar of Cheibriados.
  2339 | D:3      | Found a white marble altar of Elyvilon.
  2909 | D:4      | Noticed Pargi
  2947 | D:4      | Killed Pargi
  2948 | D:4      | Reached skill level 5 in Polearms
  2948 | D:4      | Reached XP level 5. HP: 30/47 MP: 5/5
  3019 | D:4      | Reached skill level 5 in Fighting
  3019 | D:4      | Reached XP level 6. HP: 49/56 MP: 6/6
  3080 | D:4      | Noticed a black bear
  3124 | D:4      | Killed a black bear
  3252 | D:4      | Found a glowing drain.
  3261 | Sewer    | Entered a sewer
  3503 | Sewer    | Found a shimmering altar of Xom.
  3618 | Sewer    | Reached XP level 7. HP: 53/61 MP: 7/7
  3987 | D:4      | Found a staircase to the Ecumenical Temple.
  4071 | Temple   | Entered the Ecumenical Temple
  4417 | D:5      | Entered Level 5 of the Dungeon
  4916 | D:5      | Reached skill level 1 in Evocations
  5088 | D:5      | Noticed a wyvern
  5392 | D:2      | Killed Sigmund
  5393 | D:2      | Reached XP level 8. HP: 68/68 MP: 8/8
  5672 | D:5      | Killed a wyvern
  5673 | D:5      | Reached skill level 10 in Polearms
  6135 | D:6      | Noticed a wyvern
  6223 | D:6      | Noticed Dowan
  6226 | D:6      | Noticed Duvessa
  6235 | D:6      | Gained mutation: You passively dampen the noise of your
                  | surroundings. [potion of mutation]
  6235 | D:6      | Gained mutation: Your natural rate of healing is unusually
                  | fast. [potion of mutation]
  6235 | D:6      | Gained mutation: You are agile. (Dex +4, Str/Int -1)
                  | [potion of mutation]
  6235 | D:6      | Gained mutation: You are very agile. (Dex +8, Str/Int -2)
                  | [potion of mutation]
  6250 | D:6      | Killed Duvessa
  6257 | D:6      | Killed Dowan
  6389 | D:6      | Identified the +7 war axe of the World {protect, *Noise
                  | rElec Int+9}
  6408 | D:6      | Noticed Menkaure
  6419 | D:6      | Killed Menkaure
  6517 | D:6      | Found a radiant altar of Vehumet.
  6974 | D:6      | Killed a wyvern
  7081 | D:5      | Reached XP level 9. HP: 36/74 MP: 9/9
  7398 | D:6      | Became a worshipper of Beogh the Brigand
  7398 | D:6      | Reached * piety under Beogh
  7398 | D:6      | Reached ** piety under Beogh
  7513 | D:6      | Reached skill level 5 in Dodging
  7513 | D:6      | Reached skill level 1 in Invocations
  8316 | D:7      | Reached *** piety under Beogh
  8454 | D:7      | Reached skill level 5 in Invocations
  8512 | D:7      | Reached XP level 10. HP: 81/81 MP: 13/13
  8945 | D:8      | Found a sacrificial altar of Ru.
  9161 | D:8      | Found a glowing silver altar of Zin.
  9164 | D:8      | Found an ancient bone altar of Kikubaaqudgha.
  9164 | D:8      | Found a white marble altar of Elyvilon.
  9166 | D:8      | Found a shimmering altar of Xom.
  9166 | D:8      | Found a white marble altar of Elyvilon.
  9166 | D:8      | Found an opulent altar of Gozag.
  9203 | D:8      | Found a blossoming altar of Fedhas.
  9431 | D:7      | Reached skill level 1 in Shields
  9843 | D:8      | Found a staircase to the Lair.
  9891 | D:8      | Found an ornate altar of the Wu Jian Council.
  9918 | D:8      | Found a sparkling altar of Nemelex Xobeh.
 10240 | D:9      | Noticed an obsidian statue
 10269 | D:8      | Reached **** piety under Beogh
 10425 | D:9      | Found Plog's Magic Scroll Shop.
 10429 | D:9      | Bought a scroll of enchant armour for 120 gold pieces
 10429 | D:9      | Bought a scroll of enchant armour for 120 gold pieces
 10429 | D:9      | Bought a scroll of immolation for 64 gold pieces
 10429 | D:9      | Bought 3 scrolls of identify for 96 gold pieces
 10615 | D:9      | Noticed Psyche
 10629 | D:9      | Killed Psyche
 10634 | D:9      | Found Igedo's Weapon Shop.
 10671 | D:9      | Reached XP level 11. HP: 86/86 MP: 14/14
 10723 | D:9      | Found Kerrupp's Weapon Boutique.
 10752 | D:9      | Reached skill level 10 in Dodging
 11339 | D:10     | Entered Level 10 of the Dungeon
 11412 | D:10     | Found a broken altar of Ashenzari.
 11659 | D:10     | Noticed a two-headed ogre
 11669 | D:10     | Killed a two-headed ogre
 11770 | D:10     | Found an ancient bone altar of Kikubaaqudgha.
 11770 | D:10     | Found a glowing silver altar of Zin.
 11770 | D:10     | Found a burning altar of Makhleb.
 12414 | D:11     | Noticed a boulder beetle
 12435 | D:11     | Killed a boulder beetle
 12588 | D:11     | Identified the +1 robe "Webupnu" {rPois Regen+ Str-2}
 12590 | D:11     | Killed a two-headed ogre
 12694 | D:11     | Reached ***** piety under Beogh
 12739 | D:11     | Found a roughly hewn altar of Beogh.
 12740 | D:11     | Noticed an orc knight
 12741 | D:11     | Found a staircase to the Orcish Mines.
 12750 | D:11     | Killed an orc knight
 12760 | D:11     | Reached skill level 10 in Fighting
 12995 | D:11     | Noticed a two-headed ogre
 13012 | D:11     | Killed a two-headed ogre
 13197 | D:12     | Noticed a boulder beetle
 13213 | D:12     | Killed a boulder beetle
 13214 | D:12     | Reached XP level 12. HP: 104/106 MP: 18/18
 13324 | D:12     | Noticed a two-headed ogre
 13324 | D:12     | Noticed a two-headed ogre
 13338 | D:12     | Killed a two-headed ogre
 13342 | D:12     | Killed a two-headed ogre
 13343 | D:12     | Reached skill level 10 in Invocations
 13367 | D:12     | Noticed a two-headed ogre
 13378 | D:12     | Killed a two-headed ogre
 13549 | D:12     | Gained Syrus as an ally
 14015 | D:13     | Noticed a two-headed ogre
 14026 | D:13     | Killed a two-headed ogre
 14073 | D:13     | Noticed a centaur warrior
 14088 | D:13     | Killed a centaur warrior
 14257 | D:13     | Noticed a centaur warrior
 14273 | D:13     | Killed a centaur warrior
 14750 | D:13     | Gained Herok as an ally
 15102 | D:14     | Noticed Azrael
 15126 | D:14     | Killed Azrael
 15343 | Lair:1   | Entered Level 1 of the Lair of Beasts
 15378 | Lair:1   | Found a runed translucent door.
 15380 | Lair:1   | Noticed Rudyous's ghost (journeyman GrEE)
 15383 | Lair:1   | Identified the +10 trident of the Ship {heavy, Will++ Str+2
                  | Int+4 Dex-2}
 15625 | Lair:1   | Reached XP level 13. HP: 113/113 MP: 20/20
 16048 | Lair:1   | Killed Rudyous's ghost
 16712 | Lair:2   | Found a staircase to the Snake Pit.
 16776 | Lair:2   | Found a staircase to the Swamp.
 16825 | Lair:2   | Reached ****** piety under Beogh
 16854 | Lair:2   | Noticed Gastronok
 16863 | Lair:2   | Killed Gastronok
 17300 | Lair:2   | Noticed Nergalle
 17394 | Lair:2   | Found an ancient bone altar of Kikubaaqudgha.
 18622 | Lair:3   | Reached XP level 14. HP: 125/126 MP: 21/21
 18842 | Lair:3   | Noticed Snorg
 18853 | Lair:3   | Killed Snorg
 19044 | Lair:4   | Found a staircase to the Slime Pits.
 19103 | Lair:4   | Found a frozen archway.
 19123 | IceCv    | Entered an ice cave
 19366 | IceCv    | Noticed a frost giant
 19380 | IceCv    | Killed a frost giant
 19692 | Lair:4   | Gained Morguth as an ally
 19716 | Lair:4   | Noticed Nessos
 19728 | Lair:4   | Killed Nessos
 20150 | Lair:5   | Entered Level 5 of the Lair of Beasts
 20573 | Lair:5   | Found a transporter.
 20608 | Lair:5   | Found a one-way gate to the infinite horrors of the Abyss.
 20608 | Lair:5   | Noticed pigah's ghost (journeyman OpWn)
 20633 | Lair:5   | Found a transporter.
 20754 | Lair:5   | Reached skill level 15 in Dodging
 20770 | Lair:5   | Reached skill level 15 in Fighting
 20770 | Lair:5   | Reached XP level 15. HP: 141/141 MP: 22/22
 20775 | Lair:5   | Gained Thorok as an ally
 21651 | D:14     | Noticed Rupert
 21705 | D:14     | Identified a scroll of acquirement
 21707 | D:14     | Acquired a manual of Fighting
 21722 | D:14     | Killed Rupert
 21893 | D:14     | Gained Wargath as an ally
 21939 | D:14     | Your ally Wargath died
 22059 | D:14     | Found a gate to the Vaults.
 22170 | D:14     | Noticed Frances
 22190 | D:14     | Killed Frances
 22482 | D:14     | Found Rikefica's Weapon Shoppe.
 22692 | D:15     | Entered Level 15 of the Dungeon
 23460 | D:15     | Found a staircase to the Depths.
 23714 | Orc:1    | Entered Level 1 of the Orcish Mines
 24239 | Orc:2    | Entered Level 2 of the Orcish Mines
 24239 | Orc:2    | Found a staircase to the Elven Halls.
 24326 | Orc:2    | Found a roughly hewn altar of Beogh.
 24329 | Orc:2    | Found Istiruoph's Antique Weapon Boutique.
 24341 | Orc:2    | Bought a polished bardiche for 378 gold pieces
 24341 | Orc:2    | Identified the +6 bardiche "Ywnestoi" {freeze, *Noise Fly
                  | rElec rN+} (You bought it in a shop on level 2 of the
                  | Orcish Mines)
 24661 | Orc:2    | Noticed an orc warlord
 24661 | Orc:2    | Found Mowaev's Antique Armour Shop.
 24662 | Orc:2    | Found a roughly hewn altar of Beogh.
 24664 | Orc:2    | Found Edisuops's Antique Weapon Boutique.
 24672 | Orc:2    | Killed an orc warlord
 24816 | Orc:2    | Found a roughly hewn altar of Beogh.
 24931 | Orc:2    | Found a roughly hewn altar of Beogh.
 24932 | Orc:2    | Found Vipatzet's Distillery.
 24947 | Orc:2    | Bought a potion of invisibility for 88 gold pieces
 24947 | Orc:2    | Bought a potion of heal wounds for 55 gold pieces
 25100 | Orc:2    | Found a roughly hewn altar of Beogh.
 25413 | Snake:1  | Entered Level 1 of the Snake Pit
 25806 | Snake:1  | Found Odedgh's General Store.
 25811 | Snake:1  | Found a shimmering altar of Xom.
 25814 | Snake:1  | Bought the +2 pair of boots "Rethes" {rC+ Int+3} for 452
                  | gold pieces
 25926 | Snake:1  | Noticed Aizul
 25939 | Snake:1  | Killed Aizul
 25940 | Snake:1  | Reached XP level 16. HP: 151/159 MP: 23/23
 27657 | Snake:2  | Found a runed translucent gate.
 27657 | Snake:2  | Found a runed translucent gate.
 27858 | Snake:2  | Found a runed translucent gate.
 28692 | Snake:3  | Noticed Vashnia
 29637 | Snake:3  | Noticed AwkwardBirdle's ghost (adept VSBr)
 29640 | Snake:3  | Found a runed translucent door.
 29952 | Snake:3  | Found Ozyettoh's Jewellery Shoppe.
 29952 | Snake:3  | Found Ryfa's General Store.
 29970 | Snake:3  | Gained Wulfoc as an ally
 29991 | Snake:3  | Killed Vashnia
 29993 | Snake:3  | Found Risingol's Jewellery Shoppe.
 30000 | Snake:3  | Found Itupt's Armour Emporium.
 30854 | Snake:3  | Found Ycidatrusue's Vocational Training.
 30879 | Snake:4  | Entered Level 4 of the Snake Pit
 30979 | Snake:4  | Identified the +8 trident of Overwhelming Force {vamp,
                  | Will+}
 31691 | Snake:4  | Noticed a nagaraja
 31694 | Snake:4  | Killed a nagaraja
 31707 | Snake:4  | Noticed a nagaraja
 31715 | Snake:4  | Killed a nagaraja
 32525 | Snake:4  | Noticed a quicksilver dragon
 32525 | Snake:4  | Noticed a quicksilver dragon
 32530 | Snake:4  | Killed a quicksilver dragon
 32531 | Snake:4  | Reached XP level 17. HP: 156/170 MP: 19/24
 32533 | Snake:4  | Killed a quicksilver dragon
 32553 | Snake:4  | Your ally Syrus died
 32605 | Snake:4  | Your ally Nergalle died
 32699 | Snake:4  | Your ally Wulfoc died
 32859 | Snake:4  | Got a serpentine rune of Zot
 33155 | Snake:3  | Killed AwkwardBirdle's ghost
 33244 | Snake:2  | Your ally Morguth died
 33258 | Snake:2  | Your ally Wulfoc died
 33553 | Snake:3  | Bought a manual of Invocations for 1200 gold pieces
 33647 | Swamp:1  | Entered Level 1 of the Swamp
 33692 | Swamp:1  | Identified the +0 scale mail of the Planets {-Tele Contam
                  | rF+ Str+8}
 34663 | Swamp:2  | Noticed Mlioglotl
 34680 | Swamp:2  | Killed Mlioglotl
 35790 | Swamp:3  | Reached skill level 15 in Invocations
 36139 | Swamp:4  | Entered Level 4 of the Swamp
 36444 | Swamp:4  | Reached XP level 18. HP: 178/178 MP: 29/29
 36493 | Swamp:4  | Gained Bladwarg as an ally
 36545 | Swamp:4  | Gained Hawl as an ally
 36613 | Swamp:4  | Got a decaying rune of Zot
 37387 | Elf:1    | Entered Level 1 of the Elven Halls
 37571 | Elf:1    | Noticed Louise
 37585 | Elf:1    | Killed Louise
 37585 | Elf:1    | Gained Bogbrand as an ally
 38029 | Elf:1    | Your ally Bogbrand died
 38060 | Elf:1    | Gained Ugrim as an ally
 38069 | Elf:1    | Got the Notes on Combat Magic
 38313 | Elf:1    | Found Aqeetih's Assorted Antiques.
 38331 | Elf:1    | Bought 2 scrolls of blinking for 450 gold pieces
 38557 | Elf:2    | Found a magical portal.
 38564 | WizLab   | Entered Maxwell's Workshop
 38923 | WizLab   | Identified the ring "Liojour" {Fire MP+9 Str+3 Int+3 Dex-2}
 39271 | WizLab   | Noticed an electric golem
 39299 | WizLab   | Killed an electric golem
 39349 | WizLab   | Found the +10 tower shield of Ignorance {rN+ Int-4}
 39355 | WizLab   | Identified the +2 leather armour "Xeth" {-Cast Rampage
                  | Dex+3}
 39357 | WizLab   | Identified the +1 scale mail of the Engineer {rN+}
 39375 | WizLab   | Reached XP level 19. HP: 191/191 MP: 33/33
 39385 | WizLab   | Identified the ring of Music {Fire Fly rN+ Str+3 Stlth-}
 39614 | Elf:2    | Found a runed translucent door.
 39614 | Elf:2    | Noticed agentgt's ghost (adept HuVM)
 39890 | Elf:2    | Your ally Ugrim died
 39898 | Elf:2    | Reached skill level 5 in Shields
 40067 | Elf:2    | Noticed Donald
 40077 | Elf:2    | Killed Donald
 40083 | Elf:2    | Found a huge runed translucent gate.
 40083 | Elf:2    | Found a huge runed translucent gate.
 40083 | Elf:2    | Found a huge runed translucent gate.
 40083 | Elf:2    | Found a huge runed translucent gate.
 40083 | Elf:2    | Found a huge runed translucent gate.
 40296 | Elf:2    | Noticed Asterion
 40312 | Elf:2    | Killed Asterion
 41047 | Elf:3    | Entered Level 3 of the Elven Halls
 41047 | Elf:3    | Found a portal to a secret trove of treasure.
 41420 | Elf:3    | Noticed Zenata
 41430 | Elf:3    | Your ally Bladwarg died
 41431 | Elf:3    | Killed Zenata
 41741 | Elf:3    | Reached skill level 10 in Shields
 42300 | Elf:3    | Noticed a Tzitzimitl
 42341 | Elf:3    | Paralysed by an air elemental for 1 turns
 42343 | Elf:3    | Noticed a Hell Sentinel
 42457 | Elf:3    | Identified the +7 great sword of Wazism {protect, rF+
                  | rCorr}
 42457 | Elf:3    | Identified the ring of Rualof {rElec rN++ rCorr MP+9 Str+6}
 42609 | Elf:3    | Identified the ring "Tain" {Fly Stlth+}
 42645 | Elf:3    | Identified the staff of cold "Upitiett" {rPois rC+ Will++
                  | rCorr Str-2}
 42672 | Elf:3    | Reached XP level 20. HP: 184/196 MP: 34/34
 42676 | Elf:3    | Identified the +4 lajatang "Rufuhis" {freeze, rElec Will++
                  | rCorr Dex-5}
 42852 | Elf:3    | Identified the staff of poison "Bailosk" {rPois MP+9 Str+5}
 42855 | Elf:3    | Identified the +8 dagger of Biuwk {heavy, *Corrode +Blink
                  | rC++ SInv}
 42861 | Elf:3    | Got Alistair's Thoughts on Venin and Flesh
 42897 | Elf:3    | Identified the +5 shortbow of Paper {elec, Int-3 Dex+5}
 42906 | Elf:3    | Identified the +6 shortbow of Quantum Leap {freeze, Str+4
                  | Dex+4}
 43574 | Slime:1  | Entered Level 1 of the Pits of Slime
 44384 | Slime:5  | Entered Level 5 of the Pits of Slime
 44398 | Slime:4  | Gained Ugrim as an ally
 45316 | Slime:5  | Noticed the Royal Jelly
 45399 | Slime:5  | Found a viscous altar of Jiyva.
 45408 | Slime:5  | Reached skill level 5 in Stealth
 45408 | Slime:5  | Reached skill level 15 in Shields
 45533 | Slime:5  | Killed the Royal Jelly
 45546 | Slime:5  | Your ally Herok died
 45673 | Slime:5  | Acquired 825 gold pieces
 45685 | Slime:5  | Got the Precepts of the Traveller
 45691 | Slime:5  | Got the Book of Evil
 45705 | Slime:5  | Got Witchcraft 101
 45709 | Slime:5  | Identified the +4 war axe "Goblinbane" {flame, Will++ Int+3
                  | Dex-2 SInv}
 45714 | Slime:5  | Identified the amulet of Harmony {Faith Fly rElec Stlth+}
 45750 | Slime:5  | Got a slimy rune of Zot
 45751 | Slime:5  | Identified the staff of death "Gejubaj" {rC+ rN+ Will-
                  | Int+4 Dex-4}
 45782 | Slime:5  | Got Qiumu's Quarto of Flinty Ensorcelling
 45791 | Slime:5  | Identified the staff of death "Tompib" {rN+ Int+5}
 46811 | Vaults:1 | Entered Level 1 of the Vaults
 47219 | Vaults:1 | Found Omi Peog's Armour Shoppe.
 47387 | Vaults:1 | Gained Boderik as an ally
 47708 | Vaults:1 | Identified the +0 pair of boots "Soamodd" {rC- Will- Str+7}
 48578 | Vaults:2 | Reached XP level 21. HP: 147/207 MP: 35/35
 48976 | Vaults:2 | Found a huge runed gate.
 48976 | Vaults:2 | Found a huge runed gate.
 48976 | Vaults:2 | Found a huge runed gate.
 48976 | Vaults:2 | Found a huge runed gate.
 48976 | Vaults:2 | Found a huge runed gate.
 48976 | Vaults:2 | Found a huge runed gate.
 48977 | Vaults:2 | Found a huge runed gate.
 48977 | Vaults:2 | Found a huge runed gate.
 48977 | Vaults:2 | Found a huge runed gate.
 48977 | Vaults:2 | Found a huge runed gate.
 48982 | Vaults:2 | Found a huge runed gate.
 48982 | Vaults:2 | Found a huge runed gate.
 48982 | Vaults:2 | Found a huge runed gate.
 48982 | Vaults:2 | Found a huge runed gate.
 48982 | Vaults:2 | Found a huge runed gate.
 48982 | Vaults:2 | Found a huge runed gate.
 48983 | Vaults:2 | Found a huge runed gate.
 48984 | Vaults:2 | Found a huge runed gate.
 48985 | Vaults:2 | Found a huge runed gate.
 49368 | Vaults:2 | Found a huge runed gate.
 49368 | Vaults:2 | Found a huge runed gate.
 49368 | Vaults:2 | Found a huge runed gate.
 49368 | Vaults:2 | Found a huge runed gate.
 49368 | Vaults:2 | Found a huge runed gate.
 49368 | Vaults:2 | Found a huge runed gate.
 49369 | Vaults:2 | Found a huge runed gate.
 49370 | Vaults:2 | Found a huge runed gate.
 49371 | Vaults:2 | Found a huge runed gate.
 49379 | Vaults:2 | Found a huge runed gate.
 49379 | Vaults:2 | Found a huge runed gate.
 49379 | Vaults:2 | Found a huge runed gate.
 49379 | Vaults:2 | Found a huge runed gate.
 49379 | Vaults:2 | Found a huge runed gate.
 49379 | Vaults:2 | Found a huge runed gate.
 49380 | Vaults:2 | Found a huge runed gate.
 49381 | Vaults:2 | Found a huge runed gate.
 50576 | Vaults:2 | Identified the +6 war axe of Vetunism {venom, Str+3 SInv}
 51003 | Vaults:3 | Your ally Hawl died
 51063 | Vaults:3 | Found a staircase to the Crypt.
 52036 | Vaults:3 | Reached skill level 5 in Evocations
 52327 | Vaults:3 | Found Zibeut Eseig's Antique Weapon Shop.
 52331 | Vaults:3 | Bought a runed glaive for 332 gold pieces
 52352 | Vaults:3 | Noticed Jory
 52361 | Vaults:3 | Gained Oruk as an ally
 52368 | Vaults:3 | Killed Jory
 53517 | Vaults:3 | Found a staircase to the Crypt.
 53536 | Vaults:3 | Found Zibeut Eseig's Antique Weapon Shop.
 54595 | Vaults:4 | Identified the amulet "Syrot" {Regen+ Int+2}
 54602 | Vaults:4 | Noticed Xtahua
 54615 | Vaults:4 | Killed Xtahua
 55000 | Vaults:4 | Found Yhiumal's Antique Weapon Shop.
 55004 | Vaults:4 | Gained Rocco as an ally
 55153 | Vaults:4 | Identified the +1 dagger "Grim Tooth" {protect, Fragile
                  | rElec rPois Str-4}
 55167 | Vaults:4 | Identified the +3 mace of Ekla {spect, rPois rC+++ MP+9
                  | Str-3}
 55215 | Vaults:4 | Gained Bogwald as an ally
 55430 | Vaults:4 | Reached XP level 22. HP: 215/215 MP: 36/36
 57324 | Vaults:5 | Entered Level 5 of the Vaults
 57520 | Vaults:4 | Your ally Rocco died
 57914 | Vaults:5 | Gained Learuk as an ally
 58075 | Vaults:5 | Noticed Margery
 58084 | Vaults:5 | Noticed Frederick
 58316 | Vaults:4 | Your ally Learuk died
 58444 | Vaults:5 | Noticed a dread lich
 58512 | Vaults:4 | Killed a dread lich
 58625 | Vaults:4 | Killed Frederick
 58811 | Vaults:5 | Killed Margery
 58895 | Vaults:5 | Noticed a dread lich
 58921 | Vaults:5 | Killed a dread lich
 59064 | Vaults:5 | Identified the +10 flail of the First Visionaries {heavy,
                  | *Rage Str+3 SInv}
 59295 | Vaults:5 | Identified the +5 trident of the Scavenger {venom, rCorr
                  | MP+9 SInv Stlth+}
 59419 | Vaults:5 | Gained Learuk as an ally
 59431 | Vaults:5 | Your ally Learuk died
 59439 | Vaults:5 | Identified the +3 chain mail of Calculation {Will+ Stlth+}
 60025 | Vaults:5 | Identified the +0 chain mail "Hero's Friend" {Dex+3}
 60250 | Vaults:5 | Your ally Learuk died
 60557 | Vaults:5 | Reached XP level 23. HP: 190/223 MP: 37/37
 60577 | Vaults:5 | Reached XP level 24. HP: 231/231 MP: 37/37
 60583 | Vaults:5 | Noticed a dread lich
 60706 | Vaults:5 | Noticed Mennas
 60809 | Vaults:5 | Identified the +7 hand crossbow of Gravity {penet, Dex+3}
 60865 | Vaults:5 | Killed a dread lich
 61065 | Vaults:5 | Identified the +3 ring mail of Eprio {Str+2 Slay+2}
 61149 | Vaults:5 | Got a silver rune of Zot
 61269 | Vaults:5 | Killed Mennas
 61284 | Vaults:5 | Identified the +8 war axe "Hellblazer" {flame, Str+2} (You
                  | took it off an ironbound convoker on level 5 of the Vaults)
 61756 | Depths:1 | Entered Level 1 of the Depths
 62094 | D:15     | Found the +7 captain's cutlass {speed, disarm}
 62198 | D:15     | Identified the +6 rapier "Nit Boq" {elec, rC+ rCorr Stlth+}
 62881 | D:15     | Gained Syrus as an ally
 63117 | Depths:1 | Found a one-way gate leading to the halls of Pandemonium.
 63250 | Depths:1 | Found a runed translucent gate.
 63250 | Depths:1 | Found a runed translucent gate.
 63250 | Depths:1 | Found a runed translucent gate.
 63250 | Depths:1 | Noticed Tourr's ghost (veteran HuIE)
 63251 | Depths:1 | Found a basalt altar of Yredelemnul.
 63299 | Depths:1 | Found a gateway to Hell.
 63414 | Depths:1 | Identified the +0 robe of Zaygut {rElec rN+ Slay-3 Stlth+}
 63419 | Depths:1 | Identified the amulet "Mouzit Diaco" {Harm Regen+ Str+3}
 63426 | Depths:1 | Identified the staff of cold "Citeir Vimu" {rF- rC+ Str-2
                  | Int+5 Dex+2}
 64110 | Depths:1 | Found a one-way gateway to a ziggurat.
 64629 | Depths:1 | Killed Tourr's ghost
 64632 | Depths:1 | Identified the +4 sling of Conscience {speed, Fragile rF+
                  | Stlth+}
 65235 | Depths:1 | Gained Murdo as an ally
 65291 | Depths:2 | Noticed a caustic shrike
 65312 | Depths:2 | Your ally Murdo died
 65324 | Depths:1 | Killed a caustic shrike
 65413 | Depths:2 | Gained Orik as an ally
 65696 | Depths:2 | Paralysed by a floating eye for 4 turns
 65697 | Depths:2 | Your ally Orik died
 66607 | Depths:2 | Noticed a juggernaut
 66627 | Depths:2 | Killed a juggernaut
 66824 | Depths:2 | Found a corrupted altar of Lugonu.
 66999 | Depths:2 | Reached XP level 25. HP: 238/238 MP: 37/37
 67836 | Depths:3 | Found a transporter.
 67836 | Depths:3 | Found a transporter.
 67868 | Depths:3 | Gained Ogrik as an ally
 67875 | Depths:3 | Your ally Ogrik died
 68040 | Depths:3 | Paralysed by a floating eye for 4 turns
 68772 | Depths:3 | Gained Morguth as an ally
 68784 | Depths:3 | Your ally Morguth died
 69114 | Depths:3 | Found a transporter.
 69196 | Depths:3 | Found a transporter.
 69327 | Depths:4 | Entered Level 4 of the Depths
 70539 | Depths:3 | Gained Berold as an ally
 70544 | Depths:3 | Your ally Berold died
 72469 | Depths:4 | Identified the +2 robe "Forget-Me-Not" {Int-3 Dex+6}
 72549 | Depths:3 | Gained Grimold as an ally
 72629 | Depths:4 | Found a gate to the Realm of Zot.
 72686 | Depths:4 | Noticed a juggernaut
 72726 | Depths:4 | Killed a juggernaut
 73226 | Depths:4 | Noticed a juggernaut
 73251 | Depths:4 | Killed a juggernaut
 73407 | Depths:4 | Found Jaejianakh's Armour Shoppe.
 73411 | Depths:4 | Found Feher's Jewellery Emporium.
 73412 | Depths:4 | Found Tagyt's Magic Scroll Shoppe.
 73419 | Depths:4 | Bought a scroll of teleportation for 69 gold pieces
 74020 | Elf:3    | You showed the slimy rune of Zot to enter a treasure trove
 74021 | Trove    | Entered a treasure trove
 74028 | Trove    | Identified the ring of the Firefly {Ice rN+}
 74037 | Trove    | Identified the ring "Zutwed" {Wiz Dex+2 Stlth+}
 74050 | Trove    | Identified the ring "Eceuzif" {Slay+4 SInv}
 74054 | Trove    | Identified the ring of Tomorrow {Fly rF+ Int+7 Stlth-}
 74057 | Trove    | Identified the ring "Uqotiu" {Wiz rC- Dex+5}
 74060 | Trove    | Identified the amulet of Caxeiheama {Acrobat Harm rPois
                  | rF-}
 74063 | Trove    | Identified the ring of Xeugyhel {rF- Will++ rCorr SInv}
 74491 | Crypt:1  | Entered Level 1 of the Crypt
 74701 | Crypt:1  | Gained Borgun as an ally
 75325 | Crypt:1  | Gained Arkwar as an ally
 75646 | Crypt:2  | Reached XP level 26. HP: 233/246 MP: 37/37
 75932 | Crypt:2  | Your ally Borgun died
 75946 | Crypt:2  | Your ally Arkwar died
 76718 | Crypt:3  | Entered Level 3 of the Crypt
 76957 | Crypt:3  | Noticed a dread lich
 76978 | Crypt:3  | Killed a dread lich
 77090 | Crypt:3  | Noticed Sojobo
 77096 | Crypt:3  | Killed Sojobo
 77418 | Crypt:3  | Identified the ring of Rirauf {rF+ rN+ Str+4 Slay+5}
 77723 | Crypt:3  | Found the +11 Singing Sword {sonic wave}
 77946 | Crypt:3  | Found a staircase to the Tomb.
 78038 | Crypt:3  | Found the +13 scythe of Curses {drain, curses, Drain}
 78040 | Crypt:3  | Noticed an ancient lich
 78040 | Crypt:3  | Noticed a dread lich
 78044 | Crypt:3  | Identified the ring of the Sturgeon {Wiz rElec rPois Str+5}
 78044 | Crypt:3  | Noticed a dread lich
 78044 | Crypt:3  | Noticed an ancient lich
 78136 | Crypt:2  | Killed a dread lich
 78344 | Crypt:3  | Killed a dread lich
 78351 | Crypt:3  | Killed an ancient lich
 78389 | Crypt:3  | Killed an ancient lich
 78487 | Crypt:3  | Identified the ring of the Solstice {rN+ Will+}
 78487 | Crypt:3  | Identified the ring of Wobischo {rN+ Will+}
 78495 | Crypt:3  | Got Sif Muna's Incunabulum of Oxidation
 78507 | Crypt:3  | Identified the +3 buckler "Muxoappe" {Int+2}
 78558 | Crypt:3  | Identified the +1 leather armour of the Writhing Gods
                  | {Rampage rPois Str+6 Dex-5}
 78589 | Crypt:3  | Upgraded the game from 0.30-a0-996-ga6910c8ee8 to
                  | 0.30-a0-1008-g30c9307041
 78925 | Depths:3 | Voluntarily entered the Abyss.
 79028 | Depths:3 | Escaped the Abyss
 79031 | Depths:3 | Voluntarily entered the Abyss.
 79346 | Abyss:3  | Found a corrupted altar of Lugonu.
 79351 | Abyss:3  | Found a corrupted altar of Lugonu.
 79427 | Abyss:3  | Found a corrupted altar of Lugonu.
 79586 | Abyss:3  | Got an abyssal rune of Zot
 79595 | Abyss:3  | Paralysed by accursed screaming for 2 turns
 79600 | Abyss:3  | Paralysed by accursed screaming for 2 turns
 79777 | Abyss:3  | Found a corrupted altar of Lugonu.
 79907 | Abyss:3  | Gained Bogbrand as an ally
 79912 | Abyss:3  | Your ally Bogbrand died
 79937 | Depths:3 | Escaped the Abyss
 80050 | Pan      | Entered Pandemonium
 80053 | Pan      | Gained Bogwald as an ally
 80136 | Pan      | Found an exit through the horrors of the Abyss.
 80284 | Pan      | Your ally Bogwald died
 80299 | Pan      | Noticed Paranelu the pandemonium lord
 80423 | Pan      | Your ally Hawl died
 80743 | Pan      | Entered the realm of Gloorx Vloq.
 80910 | Pan      | Reached XP level 27. HP: 228/254 MP: 40/40
 80991 | Pan      | Noticed Gloorx Vloq
 81217 | Pan      | Reached skill level 27 in Invocations
 81267 | Pan      | Gained Boruk as an ally
 81290 | Pan      | Your ally Boruk died
 81300 | Pan      | Killed Gloorx Vloq
 81594 | Pan      | Got a dark rune of Zot
 81939 | Pan      | Noticed Vaexkow the pandemonium lord
 82043 | Pan      | Gained Margrim as an ally
 82163 | Pan      | Noticed Opuampodu the pandemonium lord
 82176 | Pan      | Entered the realm of Mnoleg.
 82478 | Pan      | Noticed Mnoleg
 82511 | Pan      | Your ally Ugrim died
 82512 | Pan      | Killed Mnoleg
 82543 | Pan      | Gained mutation: You are frail. (-10% HP) [a cacodemon]
 82553 | Pan      | Your ally Bogwald died
 82561 | Pan      | Lost mutation: Your natural rate of healing is unusually
                  | fast. [a cacodemon]
 82583 | Pan      | Got a glowing rune of Zot
 83331 | Pan      | Got the Compilation of Glowing Algor
 83454 | Pan      | Identified the -1 buckler "Mefuneef" {rElec rPois}
 83462 | Pan      | Your ally Thorok died
 84238 | Pan      | Noticed Geneq the pandemonium lord
 84519 | Pan      | Killed Geneq the pandemonium lord
 84962 | Pan      | Got a demonic rune of Zot
 85109 | Pan      | Noticed Huaqodir the pandemonium lord
 85755 | Pan      | Gained Orik as an ally
 85843 | Pan      | Your ally Orik died
 86358 | Pan      | Noticed Yhiemirph the pandemonium lord
 86436 | Depths:3 | Escaped Pandemonium
 86438 | Pan      | Entered the realm of Cerebov.
 86438 | Pan      | Entered Pandemonium
 86745 | Pan      | Reached skill level 10 in Stealth
 87540 | Pan      | Identified the amulet of Omyw {Reflect rC+ rN+ Int-4 SH+5}
 87618 | Pan      | Identified the +6 mace "Mifagodev" {antimagic, Str+2}
 87618 | Pan      | Identified the amulet of Xom's Fair Game {Reflect rF++
                  | Regen+ Dex-2 SH+5}
 87662 | Pan      | Found the +6 sword of Cerebov {flame}
 87662 | Pan      | Noticed Cerebov
 87754 | Pan      | Identified the +1 robe "Kublawn" {Str+3}
 87964 | Pan      | Got a fiery rune of Zot
 88010 | Pan      | Identified the staff of conjuration "Zixean" {rF- rC- SInv
                  | Stlth+}
 88098 | Pan      | Noticed Neethefa the pandemonium lord
 88124 | Pan      | Killed Neethefa the pandemonium lord
 88187 | Pan      | Reached skill level 27 in Dodging
 88253 | Pan      | Your ally Syrus died
 89003 | Pan      | Reached skill level 10 in Evocations
 89125 | Pan      | Found the +6 sword of Cerebov {flame}
 89125 | Pan      | Noticed Cerebov
 89126 | Pan      | Noticed Plog the pandemonium lord
 89610 | Pan      | Entered the realm of Lom Lobon.
 90595 | Pan      | Found the +6 sword of Cerebov {flame}
 90595 | Pan      | Noticed Cerebov
 91804 | Pan      | Noticed Lom Lobon
 91967 | Pan      | Upgraded the game from 0.30-a0-1008-g30c9307041 to
                  | 0.30-a0-1016-gfb0d676c02
 91991 | Pan      | Got a magical rune of Zot
 92029 | Pan      | Noticed Qugu the pandemonium lord
 92042 | Depths:3 | Escaped Pandemonium
 92296 | Hell     | Entered the Vestibule of Hell
 92296 | Hell     | Noticed Geryon
 92383 | Zot:1    | Entered Level 1 of the Realm of Zot
 92395 | Zot:1    | Reached skill level 1 in Long Blades
 93345 | Zot:1    | Reached skill level 5 in Long Blades
 93495 | Zot:1    | Reached skill level 27 in Fighting
 95377 | Zot:2    | Identified the +0 chain mail of Cowardice {rElec rPois}
 96570 | Zot:3    | Gained Gorm as an ally
 96872 | Zot:3    | Reached skill level 10 in Long Blades
 96984 | Zot:3    | Your ally Gorm died
 97636 | Zot:3    | Noticed an orb of fire
 97647 | Zot:3    | Killed an orb of fire
 97872 | Zot:3    | Noticed a dread lich
 97888 | Zot:3    | Killed a dread lich
 97950 | Zot:3    | Learned a level 4 spell: Animate Dead
 97957 | Zot:3    | Learned a level 6 spell: Death Channel
 97959 | Zot:3    | Learned a level 1 spell: Apportation
101415 | Zot:4    | Reached skill level 15 in Long Blades
101875 | Zot:4    | Identified the +4 chain mail of Fashionability {rC- rN+
                  | rCorr Dex+4}
102992 | Zot:5    | Entered Level 5 of the Realm of Zot
103033 | Zot:5    | Identified the +5 halberd of Deflation {freeze, rElec
                  | Str+4}
103797 | Zot:5    | Noticed a dread lich
103801 | Zot:5    | Noticed an orb of fire
103801 | Zot:5    | Noticed an orb of fire
103804 | Zot:5    | Noticed an orb of fire
103810 | Zot:5    | Noticed an orb of fire
103811 | Zot:5    | Gained mutation: You are very frail. (-20% HP) [an orb of
                  | fire]
103811 | Zot:5    | Noticed an orb of fire
103811 | Zot:5    | Noticed a dread lich
103811 | Zot:5    | Noticed an ancient lich
103834 | Zot:5    | Gained mutation: You sometimes lose your temper in combat.
                  | [an orb of fire]
103835 | Zot:5    | Lost mutation: You are very agile. (Dex +8, Str/Int -2) [an
                  | orb of fire]
103838 | Zot:4    | Gained mutation: You have an uncontrollable temper. [an orb
                  | of fire]
103847 | Zot:4    | Killed an orb of fire
104314 | Zot:5    | Lost mutation: You passively dampen the noise of your
                  | surroundings. [an orb of fire]
104314 | Zot:5    | Gained mutation: You are extremely frail. (-30% HP) [an orb
                  | of fire]
104318 | Zot:4    | Gained mutation: You are occasionally teleported next to
                  | monsters. [an orb of fire]
104320 | Zot:4    | Killed an orb of fire
104370 | Zot:5    | Gained mutation: You are often teleported next to monsters.
                  | [an orb of fire]
104472 | Zot:4    | Gained mutation: You occasionally shout uncontrollably at
                  | your foes. [an orb of fire]
104474 | Zot:4    | Killed an orb of fire
104531 | Zot:4    | Killed a dread lich
104582 | Zot:5    | Gained mutation: Your magical capacity is low. (-10% MP)
                  | [an orb of fire]
104626 | Zot:4    | Killed an orb of fire
104843 | Zot:5    | Killed an ancient lich
104987 | Zot:5    | Noticed a dread lich
105196 | Zot:5    | Noticed an orb of fire
105202 | Zot:4    | Killed an orb of fire
105266 | Zot:5    | Noticed an orb of fire
105270 | Zot:4    | Killed an orb of fire
105488 | Zot:4    | Killed a dread lich
105497 | Zot:5    | Gained mutation: A frigid envelope surrounds you and
                  | freezes all who hurt you. [an orb of fire]
105553 | Zot:5    | Gained mutation: Your spells are a little easier to cast,
                  | but a little less powerful. [an orb of fire]
105556 | Zot:4    | Lost mutation: A frigid envelope surrounds you and freezes
                  | all who hurt you. [an orb of fire]
105558 | Zot:4    | Killed an orb of fire
105601 | Zot:5    | Noticed an orb of fire
105605 | Zot:5    | Killed an orb of fire
105605 | Zot:5    | Noticed an orb of fire
105659 | Zot:5    | Killed an orb of fire
105820 | Zot:5    | Killed a dread lich
105904 | Zot:5    | Gained mutation: Your magical capacity is very low. (-20%
                  | MP) [mutagenic glow]
105920 | Zot:5    | Gained mutation: You are weak. (Str -2) [mutagenic glow]
106249 | Zot:5    | Noticed an orb of fire
106250 | Zot:5    | Gained mutation: Your body sometimes deteriorates upon
                  | taking damage. [an orb of fire]
106252 | Zot:5    | Gained mutation: You are dopey. (Int -2) [an orb of fire]
106253 | Zot:5    | Killed an orb of fire
106693 | Depths:4 | Lost mutation: You are extremely frail. (-30% HP) [potion
                  | of mutation]
106693 | Depths:4 | Lost mutation: You have an uncontrollable temper. [potion
                  | of mutation]
106693 | Depths:4 | Lost mutation: Your body sometimes deteriorates upon taking
                  | damage. [potion of mutation]
106693 | Depths:4 | Gained mutation: You have supernaturally acute eyesight.
                  | (SInv) [potion of mutation]
106693 | Depths:4 | Lost mutation: You are agile. (Dex +4, Str/Int -1) [potion
                  | of mutation]
106694 | Depths:4 | Lost mutation: You have supernaturally acute eyesight.
                  | (SInv) [potion of mutation]
106694 | Depths:4 | Lost mutation: Your magical capacity is very low. (-20% MP)
                  | [potion of mutation]
106694 | Depths:4 | Lost mutation: You are weak. (Str -2) [potion of mutation]
106694 | Depths:4 | Lost mutation: You sometimes lose your temper in combat.
                  | [potion of mutation]
106694 | Depths:4 | Lost mutation: You are dopey. (Int -2) [potion of mutation]
106695 | Depths:4 | Lost mutation: You occasionally shout uncontrollably at
                  | your foes. [potion of mutation]
106695 | Depths:4 | Lost mutation: Your spells are a little easier to cast, but
                  | a little less powerful. [potion of mutation]
106695 | Depths:4 | Lost mutation: Your magical capacity is low. (-10% MP)
                  | [potion of mutation]
106695 | Depths:4 | Gained mutation: You are weak. (Str -2) [potion of
                  | mutation]
106695 | Depths:4 | Gained mutation: Your natural rate of healing is unusually
                  | fast. [potion of mutation]
106695 | Depths:4 | Lost mutation: Your natural rate of healing is unusually
                  | fast. [potion of mutation]
106696 | Depths:4 | Lost mutation: You are often teleported next to monsters.
                  | [potion of mutation]
106696 | Depths:4 | Lost mutation: You are weak. (Str -2) [potion of mutation]
106696 | Depths:4 | Lost mutation: You are very frail. (-20% HP) [potion of
                  | mutation]
106696 | Depths:4 | Gained mutation: You have hidden genetic potential. [potion
                  | of mutation]
106696 | Depths:4 | Gained mutation: You are partially covered in large bone
                  | plates. (SH +4) [potion of mutation]
106696 | Depths:4 | Gained mutation: Your mind is acute. (Int +4, Str/Dex -1)
                  | [potion of mutation]
106697 | Depths:4 | Lost mutation: You are occasionally teleported next to
                  | monsters. [potion of mutation]
106697 | Depths:4 | Lost mutation: You have hidden genetic potential. [potion
                  | of mutation]
106697 | Depths:4 | Gained mutation: You occasionally lose the ability to read
                  | scrolls when taking damage. [potion of mutation]
106698 | Depths:4 | Lost mutation: You occasionally lose the ability to read
                  | scrolls when taking damage. [potion of mutation]
106698 | Depths:4 | Lost mutation: You are frail. (-10% HP) [potion of
                  | mutation]
106698 | Depths:4 | Gained mutation: Your flesh is heat resistant. (rF+)
                  | [potion of mutation]
106920 | Hell     | Killed Geryon
107229 | Hell     | Found a gateway to the Iron City of Dis.
107329 | Hell     | Found a gateway to the freezing wastes of Cocytus.
107533 | Hell     | Found a gateway to the decaying netherworld of Tartarus.
107691 | Hell     | Found a gateway to the ashen valley of Gehenna.
107763 | Dis:1    | Entered Level 1 of the Iron City of Dis
109401 | Depths:3 | Voluntarily entered the Abyss.
109726 | Abyss:3  | Reached skill level 1 in Necromancy
109735 | Abyss:3  | Reached skill level 1 in Spellcasting
109741 | Abyss:3  | Gained Orbeogh as an ally
109809 | Depths:3 | Escaped the Abyss
110205 | Zot:5    | Got the Orb of Zot
110735 | D:2      | Noticed Xoockeox the pandemonium lord
110801 | D:$      | Escaped with the Orb!

Illustrated notes

Levels and vault maps discovered:
D:1:      dpeg_arrival_oval, layout_basic
D:2:      layout_basic, serial_curves, eino_curves_04, eino_curves_02,
          uniq_sigmund
D:3:      layout_loops_ring, mainiacjoe_overflow_alcove_3
D:4:      cheibrodos_old_hovel, layout_basic, minmay_temple_entry_large_hall,
          portal_sewer_entry_b, uniq_pargi
D:5:      layout_basic, hangedman_decor_riveting
D:6:      minmay_octagon_keep, layout_loops_cross, fiery_altar_vehumet,
          uniq_menkaure, uniq_duvessa
D:7:      layout_loops_corners
D:8:      cheibrodos_fzero, layout_rooms, mainiacjoe_overflow_tiny_flanked,
          doesnt_xom_only_xom, lemuel_crystal_altar,
          mainiacjoe_overflow_alcove_4, fedhas_altar_4, lair_entry_dummy
D:9:      layout_gridville, serial_shops, nicolae_shop_stone,
          nicolae_shop_hallway_plus, shop, minivault_16, uniq_psyche
D:10:     layout_long_grid, evilmike_ruin_ashenzari,
          chequers_temple_overflow_statue_of_worship
D:11:     layout_basic, david_orc_5
D:12:     layout_irregular_city, nrook_campfire
D:13:     cheibrodos_magma_flow, layout_rooms, chequers_serial_rivers_large_a,
          hangedman_decor_peaks_small
D:14:     layout_rooms, lightli_vaults_fourway_checkpoint, serial_shops,
          nicolae_shop_behind_doors, uniq_rupert, uniq_frances, uniq_azrael
D:15:     grunt_enter_depths_magical_seal, layout_gridville, wad_dig_loot
Temple:   hellmonk_temple_rainy
Lair:1:   layout_cellular_growth, ebering_ghost_funeral_grove
Lair:2:   hangedman_what_comes_after_a, layout_gridlike,
          nicolae_swamp_entry_splash_gauntlet, nicolae_snake_entry_squirm,
          lemuel_oklob_altar, uniq_nergalle, uniq_gastronok
Lair:3:   layout_regular_city, uniq_snorg
Lair:4:   layout_hall_layers, slime_entry_1, portal_ice_cave_demonic_guard,
          uniq_nessos
Lair:5:   grunt_lair_end_beastmaster, layout_regular_city,
          gammafunk_ghost_abyssal_escape
Swamp:1:  layout_basic_swamp, evilmike_swamp_ruin_house_4, swamp_pool5,
          nicolae_swamp_little_tower
Swamp:2:  layout_basic_swamp, evilmike_swamp_ruin_house_5,
          nicolae_swamp_oklob_treasure_island, uniq_mlioglotl
Swamp:3:  nzn_winding_woodlands_three_and_one
          [nzn_winding_woodlands_5x15_parted, nzn_winding_woodlands_5x15_garden,
          nzn_winding_woodlands_5x15_river_crossing,
          nzn_winding_woodlands_center_lodge], layout_basic_swamp,
          evilmike_swamp_ruin_rubble_1, swamp_pool2
Swamp:4:  swamp_alternative, layout_basic_swamp, swamp_pool2
Snake:1:  layout_basic, basic_altar, serial_shops, nicolae_shop_waterfront,
          nicolae_triple_integral, uniq_aizul
Snake:2:  layout_chambers, grunt_ministairs_7, nicolae_snake_horde_hoard
Snake:3:  layout_layer_cave, hellmonk_ghost_happy_afterlife,
          nicolae_shop_vocational, minmay_shoptagon, serial_bayou_shore_b,
          uniq_vashnia
Snake:4:  hellmonk_snake_rune_quicksilver_temple, layout_chambers,
          grunt_megastairs_3
Slime:1:  layout_caves
Slime:2:  layout_caves, basic_altar, nicolae_slime_phagocytosis
Slime:3:  layout_caves
Slime:4:  layout_caves
Slime:5
Orc:1:    layout_diamond_mine
Orc:2:    grunt_orc_community_town_hall, layout_caves,
          grunt_orc_community_big_house_1, grunt_orc_community_big_house_2,
          grunt_orc_community_house_3, grunt_orc_community_house_2,
          grunt_orc_community_house_3, grunt_orc_community_house_3,
          grunt_orc_community_house_3, grunt_orc_community_house_3
Elf:1:    eino_elf_arrival_sip, layout_geoelf_diagonals, serial_shops,
          nicolae_shop_overgrown_old_shop, minmay_elf_sorcery, uniq_louise
Elf:2:    elven_hall_of_blades_hangedman_alternative
          [nicolae_blade_entry_sentries_behind_glass], layout_geoelf_grid,
          mu_enter_wizlab_6, ebering_ghost_inner_flame,
          hangedman_elf_targetted_burst, nicolae_elf_v_pinch, uniq_asterion,
          uniq_donald
Elf:3:    elf_hall, layout_gridlike, nicolae_trove_entry_free_sample,
          uniq_zenata
Vaults:1: v_misc_11, hangedman_vaults_locks, grunt_vaults_twisty,
          nicolae_vaults_asterisk, ontoclasm_vaults_gateway,
          hangedman_vaults_maws, ontoclasm_vaults_ring_large,
          hangedman_vaults_corner_blocks, v_misc_28, hangedman_vaults_cutoff,
          layout_vaults_omnigrid, serial_shops, nicolae_shop_window_shopping
Vaults:2: ontoclasm_vaults_bender, door_vault, grunt_vaults_funnel, v_rooms_5,
          vaults_standard_mumra_x, hangedman_vaults_capsules, v_misc_5,
          nicolae_vaults_ring_of_whatevers, vaults_room_fancy_cross,
          vaults_mumra_hex, v_misc_8, vaults_mumra_lcd, layout_vaults_maze
Vaults:3: hangedman_vaults_variations, nicolae_vaults_little_squares_5,
          v_misc_14, vaults_standard_mumra_enter_the_diamond,
          vaults_standard_mumra_enter_the_diamond,
          minmay_crypt_entry_simple_statues, grunt_vaults_bifocal, v_pattern_3,
          vaults_room_door_ring, nicolae_vaults_little_squares_3,
          nicolae_vaults_theta, layout_vaults_chaotic_city, serial_shops, shop,
          uniq_jory
Vaults:4: v_alt_pattern_4, vaults_room_door_hall, v_misc_30,
          nicolae_vaults_mini_display_case, ontoclasm_vaults_ligature,
          nicolae_vaults_windows_and_doors_thing, nicolae_vaults_puzzle_piece,
          st_cells, hangedman_vaults_stretched_pinwheel, v_misc_23,
          nicolae_vaults_little_squares_6, v_misc_4,
          nicolae_vaults_ring_of_whatevers, vaults_dpeg_ring,
          vaults_dpeg_encased_lava, layout_vaults_big_cross, serial_shops, shop,
          uniq_xtahua
Vaults:5: uniq_frederick, uniq_margery, uniq_mennas
Crypt:1:  layout_chaotic_city
Crypt:2:  layout_gridlike, tombwall_bobbens
Crypt:3:  david_glass_crypt, layout_basic,
          nicolae_tomb_entry_unfolded_pyramid_diagonal, grunt_ministairs_2,
          grunt_megastairs_2, uniq_sojobo
Depths:1: layout_cave_pools, enter_ziggurat_b, grunt_mini_vestibule,
          rand_demon_pan_entry_8, minmay_misc_feat_iff, minivault_15,
          grunt_decor_clamped, nicolae_yredelemnul_ghost_church
Depths:2: evilmike_hourglass, layout_basic, hellmouth_1, rand_demon_pan_entry_7,
          tgw_lugonu_bribe
Depths:3: hangedman_cross_cluster, layout_small_grid, hell_entry, abyss_entry,
          rand_demon_pan_entry_4, nicolae_diode_quadrants
Depths:4: evilmike_zot_entry_basic, layout_gridlike, hell_entry,
          minmay_misc_feat_alley, grunt_megastairs_1, minmay_shop_star,
          uniq_parghit
Hell
Dis:1:    layout_subdivisions, nrook_loot_triangle
Dis:2:    layout_subdivisions
Dis:3:    layout_jigsaw, nicolae_dis_having_a_grate_time
Dis:4:    layout_subdivisions, nicolae_dis_spooky_hallway
Zot:1:    layout_misc_corridors
Zot:2:    lemuel_draconian_sentries_small, layout_concentric_octagons
Zot:3:    layout_cathedral_of_symmetry, lemuel_lich_library
Zot:4:    kennysheep_six_static_rooms, layout_misc_corridors
Zot:5:    layout_twisted_circle

Skill      XL: |  1  2  3  4  5  6  7  8  9 10 11 12 13 14 15 16 17 18 19 20 21 22 23 24 25 26 27 |
---------------+----------------------------------------------------------------------------------+-----
Polearms       | 4 5 6 7 9 11 12 14 | 14.0
Fighting       | 4 5 10 12 15 18 20 21 22 27 | 27.0
Evocations     | 2 6 10 | 10.0
Dodging        | 6 9 10 12 13 15 16 18 19 20 22 23 25 26 27 | 27.0
Invocations    | 5 9 10 15 20 26 27 | 27.0
Shields        | 3 13 17 20 26 | 26.8
Stealth        | 5 10 | 10.0
Long Blades    | 16 | 16.0
Necromancy     | 2 |  2.5
Spellcasting   | 1 |  1.8

Action                     |  1- 3 |  4- 6 |  7- 9 | 10-12 | 13-15 | 16-18 | 19-21 | 22-24 | 25-27 || total
---------------------------+-------+-------+-------+-------+-------+-------+-------+-------+-------++-------
  Melee: Spear             |   157 |   259 |   758 |   918 |    17 |       |       |       |       ||  2109
         Punch             |     2 |     4 |    11 |     1 |       |       |       |       |       ||    18
         Trident           |       |       |       |       |  1034 |  1217 |  1461 |  1548 |  4345 ||  9605
         Double sword      |       |       |       |       |       |       |       |       |   838 ||   838
 Invoke: Convert to Beogh  |       |       |     1 |       |       |       |       |       |       ||     1
         Recall Orcish Fol |       |       |       |     4 |     1 |    11 |    19 |     6 |    12 ||    53
         Give Item to Name |       |       |       |     2 |     2 |     2 |     5 |     4 |     9 ||    24
         Smiting           |       |       |       |       |     2 |     6 |    15 |     4 |    90 ||   117
         Stop Recall       |       |       |       |       |     1 |    11 |    13 |     4 |     8 ||    37
         Resurrection      |       |       |       |       |       |     2 |     3 |     2 |     3 ||    10
  Evoke: Wand              |       |       |     3 |    18 |     2 |       |     2 |       |    16 ||    41
         Condenser vane    |       |       |       |       |       |     4 |     5 |     2 |     7 ||    18
         Box of beasts     |       |       |       |       |       |     3 |       |       |     1 ||     4
         Phantom mirror    |       |       |       |       |       |       |     1 |       |     2 ||     3
    Use: Scroll            |     7 |     4 |     5 |    13 |     5 |     4 |     7 |    10 |    37 ||    92
         Potion            |       |       |     4 |     5 |     1 |     6 |     2 |     1 |    28 ||    47
   Stab: Sleeping          |     7 |     6 |     5 |    12 |    22 |    14 |    34 |    23 |    84 ||   207
         Distracted        |       |       |     1 |     9 |    16 |    15 |    31 |    32 |    95 ||   199
         Confused          |       |       |       |     3 |       |     3 |     4 |     1 |     3 ||    14
         Betrayed ally     |       |       |       |     1 |       |       |       |       |       ||     1
         Paralysed         |       |       |       |       |     3 |       |       |       |       ||     3
         Invisible         |       |       |       |       |     1 |    12 |     2 |       |     4 ||    19
         Petrified         |       |       |       |       |     3 |       |       |       |       ||     3
 Armour: Robe              |    17 |   124 |   170 |    74 |    82 |    96 |    65 |    99 |   278 ||  1005
         Skin              |       |       |       |     1 |       |       |       |       |       ||     1
  Dodge: Dodged            |    69 |   172 |   279 |   493 |   947 |  1941 |  1014 |  1284 |  4151 || 10350
  Block: Buckler           |       |       |       |   170 |   481 |   772 |       |       |       ||  1423
         Tower shield      |       |       |       |       |       |       |  2102 |  3161 |  9192 || 14455

Table legend: (Time is in decaauts)
 A = Elapsed time spent in this place.
 B = Non-inter-level travel time spent in this place.
 C = Inter-level travel time spent in this place.
 D = Time resting spent in this place.
 E = Time spent auto-exploring this place.
 F = Levels seen in this place.
 G = Mean time per level.
                   A        B        C        D        E       F      G
               +--------+--------+--------+--------+--------+-----+--------+
         Total | 110228 | 101210 |   9018 |  27347 |  29900 |  88 | 1252.6 |
       Dungeon |  19933 |  16732 |   3201 |   2553 |   8249 |  15 | 1328.9 |
        Temple |     23 |     14 |      9 |      0 |      9 |   1 |   23.0 |
          Lair |   6155 |   5574 |    581 |    490 |   2740 |   5 | 1231.0 |
         Swamp |   3417 |   3134 |    283 |    197 |   1606 |   4 |  854.2 |
     Snake Pit |   7979 |   7383 |    596 |   1941 |   3114 |   4 | 1994.8 |
    Slime Pits |   3034 |   3006 |     28 |   1018 |    482 |   5 |  606.8 |
  Orcish Mines |   1730 |   1646 |     84 |    100 |    779 |   2 |  865.0 |
   Elven Halls |   4874 |   4512 |    362 |    801 |   1246 |   3 | 1624.7 |
        Vaults |  15898 |  13763 |   2135 |   2557 |   4631 |   5 | 3179.6 |
         Crypt |   4171 |   3935 |    236 |    872 |   1202 |   3 | 1390.3 |
        Depths |  10797 |   9964 |    833 |   2090 |   2775 |   4 | 2699.2 |
          Hell |   1929 |   1885 |     44 |   1262 |    302 |   1 | 1929.0 |
           Dis |    271 |    197 |     74 |      0 |      0 |   4 |   67.8 |
           Zot |  14762 |  14216 |    546 |   8103 |   2100 |   5 | 2952.4 |
         Abyss |   1397 |   1397 |      0 |    133 |    160 |   5 |  279.4 |
   Pandemonium |  11952 |  11952 |      0 |   4834 |    178 |  18 |  664.0 |
         Trove |     52 |     52 |      0 |      0 |      3 |   1 |   52.0 |
         Sewer |    424 |    424 |      0 |     81 |    113 |   1 |  424.0 |
      Ice Cave |    427 |    427 |      0 |    118 |     87 |   1 |  427.0 |
        Wizlab |    992 |    992 |      0 |    194 |    124 |   1 |  992.0 |
               +--------+--------+--------+--------+--------+-----+--------+

Top non-repeatable levels by time:
Vaults:4: 4344 daAuts
Vaults:3: 3721 daAuts
   Zot:3: 3630 daAuts
Depths:3: 3516 daAuts
   Zot:2: 3349 daAuts
   Zot:4: 3134 daAuts
Depths:1: 3010 daAuts
Vaults:2: 2803 daAuts
    D:15: 2719 daAuts
 Snake:2: 2587 daAuts
Vaults:5: 2575 daAuts
   Zot:1: 2559 daAuts
Vaults:1: 2453 daAuts
Depths:4: 2386 daAuts
   Zot:5: 2089 daAuts
